 Dungeon Crawl Stone Soup version 0.29.1-13-g9f3cf754e1 (webtiles) character file.

Game seed: 146269045216397462

252404 javelincjr the Sorcerer (level 20, -17/112 HPs)
             Began as a Djinni Conjurer on Feb 7, 2023.
             Was the Champion of Hepliaklqana.
             Killed by the air
             ... invoked by a spriggan air mage
              (28 damage)
             ... on level 2 of the Depths on Feb 8, 2023.
             The game lasted 05:17:20 (35227 turns).

javelincjr the Sorcerer (Djinni Conjurer)          Turns: 35227, Time: 05:17:21

Health: -17/112    AC: 20    Str: 16    XL:     20   Next: 48%
Gold:   2877       EV: 21    Int: 33    God:    Hepliaklqana [******] SH:  0 Dex: 16

rFire   + + +      SeeInvis +   P - +6 morningstar of Generosity {drain, rCorr MP+9 Str+3 Int+3}
rCold   . . .      Faith    .   k - orb {light}
rNeg    . . .      Spirit   .   S - +4 troll leather armour
rPois   ∞          Reflect  .   y - +2 hat
rElec   .          Harm     .   Z - +2 cloak {Will+}
rCorr   +          Rampage  .   a - +1 pair of gloves
Will    ++++.      Clarity  +   (boots unavailable)
Stlth   ++........              w - amulet of regeneration
HPRegen 1.88/turn               n - ring "Hufuazom" {rC+ EV+4 Dex+3}
MPRegen 0.00/turn               R - ring "Jogujyli" {rF+ Str+3 Int+6}

@: flying, glowing
A: reduced essence, sickness immunity, fire resistance 2, cold vulnerability 1,
float, innate caster, HP casting, extra vitality 1, iridescent scales 2, see
invisible, clarity, strong-willed 1
}: 2/15 runes: decaying, gossamer
a: Renounce Religion, Recall Ancestor, Ancestor Identity, Transference, Idealise


You were on level 2 of the Depths.
You worshipped Hepliaklqana.
Hepliaklqana was exalted by your worship.
You visited 7 branches of the dungeon, and saw 33 of its levels.
You also visited: Gauntlet and Ice Cave.

You collected 3754 gold pieces.
You spent 877 gold pieces at shops.

Inventory:

Hand Weapons
 K - a +2 scimitar of holy wrath
 P - the +6 morningstar of Generosity (weapon) {drain, rCorr MP+9 Str+3 Int+3}
   (You took it off an orc priest on level 9 of the Dungeon)

   A truly terrible weapon, it drains the life of any living foe it strikes.
   Str:       It affects your strength (+3).
   Int:       It affects your intelligence (+3).
   MP:        It affects your magic capacity (+9).
   rCorr:     It protects you from acid and corrosion.
 W - a +8 demon trident of protection
Missiles
 j - 224 stones
 B - 9 curare-tipped darts
Armour
 a - a +1 pair of gloves (worn)
 d - +0 swamp dragon scales
 f - the +0 cloak "Marin" {rPois Str+4 Dex-2}
   (You bought it in a shop on level 2 of the Orcish Mines)

   Str:       It affects your strength (+4).
   Dex:       It affects your dexterity (-2).
   rPois:     It protects you from poison.
 h - the +1 helmet of Resonance {Dex+4}
   (You bought it in a shop on level 2 of the Orcish Mines)

   Dex:       It affects your dexterity (+4).
 i - a +2 robe of cold resistance
 k - an orb of light (worn)
 y - a +2 hat (worn)
 z - a +0 cloak of preservation
 I - a +3 buckler
 S - a +4 troll leather armour (worn)
 T - +0 acid dragon scales
 Z - a +2 cloak of willpower (worn)
Magical Staves
 g - a staff of conjuration
 F - a staff of fire
Jewellery
 n - the ring "Hufuazom" (left hand) {rC+ EV+4 Dex+3}
   (You found it in a Gauntlet)

   [ring of evasion]

   EV:        It affects your evasion (+4).
   Dex:       It affects your dexterity (+3).
   rC:        It protects you from cold.
 u - an amulet of faith
 w - an amulet of regeneration (around neck)
 x - a ring of willpower
 O - the ring of the Traitor {rF+ rN+}
   (You took it off a necromancer in an ice cave)

   [ring of positive energy]

   rF:        It protects you from fire.
   rN:        It protects you from negative energy.
 R - the ring "Jogujyli" (right hand) {rF+ Str+3 Int+6}
   (You found it on level 9 of the Dungeon)

   [ring of intelligence]

   Str:       It affects your strength (+3).
   Int:       It affects your intelligence (+6).
   rF:        It protects you from fire.
Wands
 A - a wand of polymorph (13)
 D - a wand of digging (5)
 M - a wand of iceblast (27)
 U - a wand of light (2)
 V - a wand of flame (38)
 X - a wand of mindburst (13)
 Y - a wand of paralysis (31)
Scrolls
 e - 7 scrolls of magic mapping
 l - 6 scrolls of fear
 o - 6 scrolls of poison
 r - 16 scrolls of teleportation
 v - 2 scrolls of summoning
 G - 3 scrolls of butterflies
 J - 2 scrolls of blinking
 L - 11 scrolls of identify
 Q - 4 scrolls of brand weapon
Potions
 b - 15 potions of curing
 c - 7 potions of ambrosia
 m - 7 potions of heal wounds
 q - 5 potions of might
 s - a potion of invisibility
 t - 6 potions of haste
 C - a potion of berserk rage
 E - 8 potions of brilliance
 H - 2 potions of resistance
Miscellaneous
 p - a box of beasts
 N - a phantom mirror


   Skills:
 + Level 5.7 Fighting
 + Level 4.1(4.2) Short Blades
 - Level 1.2(2.9) Long Blades
 + Level 6.7 Maces & Flails
 + Level 0.2 Throwing
 + Level 7.2 Armour
 + Level 9.7 Dodging
 + Level 6.5 Stealth
 + Level 23.5 Spellcasting
 + Level 0.4 Evocations


You had 13 spell levels left.
You knew the following spells:

 Your Spells              Type           Power      Damage    Failure   Level
a - Magic Dart            Conj           100%       1d8       0%          1
b - Searing Ray           Conj           100%       2d8       0%          2
c - Dazzling Flash        Conj/Hex       100%       N/A       0%          3
d - Fulminant Prism       Conj/Hex       57%        3d25      0%          4
e - Iskenderun's Mystic   Conj/Tloc      100%       2d19      0%          4
f - Sting                 Tmut/Pois      100%       1d8       0%          1
g - Passwall              Tmut/Erth      95%        N/A       0%          2
h - Lesser Beckoning      Tloc           100%       N/A       0%          3
i - Tukima's Dance        Hex            100%       N/A       0%          3
j - Summon Mana Viper     Hex/Summ       100%       N/A       0%          5
k - Summon Forest         Summ/Tloc      57%        N/A       0%          5
l - Starburst             Conj/Fire      57%        6d15      0%          6
m - Malign Gateway        Summ/Tloc      57%        N/A       1%          7
n - Summon Hydra          Summ           57%        N/A       1%          7
Your spell library was empty.

Dungeon Overview and Level Annotations

Branches:
Dungeon (15/15)            Temple (1/1) D:5            Lair (5/5) D:9
  Swamp (4/4) Lair:3       Spider (4/4) Lair:2        Slime (0/5) Lair:5
    Orc (2/2) D:9             Elf (0/3) Orc:2        Vaults (0/5) D:13
 Depths (2/4) D:15          IceCv (visited)         Gauntlet (visited)

Altars:
Ashenzari
Cheibriados
Dithmenos
Elyvilon
Fedhas
Gozag
Hepliaklqana
Makhleb
Nemelex Xobeh
Okawaru
Qazlal
Ru
Trog
Uskayaw
Wu Jian
Xom
Yredelemnul
Zin
The Shining One
Jiyva

Shops:
D:5 :   D:7 [   D:8 [   D:11 *   Orc:2 *[?[:?*

Portals:
Hell: Depths:1
Ziggurat: Depths:1

Annotations:
Depths:2 Frederick


Innate Abilities, Weirdness & Mutations

Your life essence is reduced to manifest your ancestor. (-10% HP)
You are immune to sickness and miasma.
You are immune to poison.
Your flesh is very heat resistant. (rF++)
You are vulnerable to cold. (rC-)
You float through the air rather than walking.
You learn spells naturally, not from books.
Your magical power is your life essence.
You have superior vitality. (+4 MHP)
You are mostly covered in iridescent scales. (AC +4)
You have supernaturally acute eyesight. (SInv)
You possess an exceptional clarity of mind.
You are strong-willed. (Will+)


Message History

The deep elf annihilator dies!
Nebetia misses the spriggan air mage.
A freezing mist starts to gather...
The wizard hits your fulminant prism with a +0 dagger.
A deep elf sorcerer comes into view. It is wielding a +0 short sword.
A deep troll earth mage comes into view.
Frederick gestures at you while chanting.
The bolt of cold hits the deep troll earth mage simulacrum.
The deep troll earth mage simulacrum completely resists.
The bolt of cold hits you!!!
* * * LOW HITPOINT WARNING * * *
The deep troll earth mage simulacrum bites your fulminant prism.
The deep troll earth mage simulacrum freezes your fulminant prism!
Your fulminant prism resists.
The deep troll earth mage simulacrum claws your fulminant prism!
The deep troll earth mage simulacrum freezes your fulminant prism.
Your fulminant prism resists.
The deep troll earth mage simulacrum claws your fulminant prism.
The deep troll earth mage simulacrum freezes your fulminant prism!
Your fulminant prism resists.
Your fulminant prism detonates feebly.
The spriggan air mage hits Nebetia but does no damage.
Your eldritch tentacle slaps the earth elemental!!
The earth elemental is destroyed!
The earth elemental disappears in a puff of smoke!
Nebetia barely misses the spriggan air mage.
A deep elf annihilator simulacrum comes into view.
The deep elf elementalist casts a spell next to the deep elf annihilator simulacrum.
Some walls begin to move on their own!
The ogre mage gestures wildly while chanting.
The ogre mage flickers and vanishes for a moment.
Nebetia misses the spriggan air mage.
Nebetia hits the ogre mage simulacrum with a +0 broad axe of flaming!
Nebetia melts the ogre mage simulacrum.
Nebetia barely misses the wizard.
Your eldritch tentacle slaps Frederick!!
Your eldritch tentacle shocks Frederick!!
Your eldritch tentacle claws Frederick!!
Your eldritch tentacle freezes Frederick!!!
The spriggan air mage waves its arms in wide circles.
The air twists around and strikes you!!
You die...

#...........#
+.>.........#
#...........#
#...........#
#...........#
#.....).....#
#.####'#.####
#....)...<..#
#.Z...@.....#
#...........#
#.ZiR○.......#
.+.)pZw......#
#eE.@§*§....#
.epOZ#§.§....#
.1eTe#########


..eTe You could see the friendly Nebetia the knight (fast, reflecting),
Frederick (soul bound, distracted, ally target), an Ice Fiend (summoned), 2 deep
elf annihilators, 2 deep elf sorcerers, a deep elf elementalist (soul bound,
repels missiles), an ogre mage (soul bound, invisible), a deep elf demonologist
(soul bound), a spriggan air mage (soul bound, repels missiles, ally target), 2
deep troll earth magi, an earth elemental (summoned), a necromancer, a wizard
(soul bound), a deep elf annihilator simulacrum, 2 ogre mage simulacra, a deep
troll earth mage simulacrum (distracted) and a friendly eldritch tentacle.

Vanquished Creatures
  Bai Suzhen (Depths:1)
  Saint Roka (Orc:2)
  Arachne (Spider:3)
  Mlioglotl (Spider:3)
  Asterion (Spider:1)
  The ghost of endersaim the Spry, an adept MfSk of Qazlal (Spider:4)
  The ghost of Xonureel the Eclecticist, an adept DEEE of Vehumet (Spider:4)
  An ancient champion (Depths:1)
  2 emperor scorpions
  A frost giant (Depths:1)
  An iron dragon (Depths:1)
  The ghost of Ykec Esm the Carver, a journeyman DrWn of Ashenzari (Swamp:2)
  An orc warlord (Orc:2)
  A balrug (Depths:1)
  3 broodmothers
  An eleionoma (Swamp:4)
  2 very ugly things (Depths:1)
  2 stone giants (Depths:1)
  3 entropy weavers
  3 spark wasps
  A minotaur (Gauntlet)
  An ettin (Depths:1)
  A merfolk impaler (Depths:1)
  8 boulder beetles
  3 ice dragons (Depths:1)
  21 hydras
  3 rakshasas
  A hell beast (Depths:1)
  Erolcha (Orc:2)
  2 catoblepae
  2 ghost crabs
  3 ogre magi (Depths:2)
  A death knight (D:14)
  2 centaur warriors (D:14)
  3 radroaches
  A spriggan air mage (Depths:1)
  3 two-headed ogres
  2 jorogumos (Spider:2)
  6 death yaks
  4 alligators
  A vampire mage (Depths:1)
  A death scarab (Gauntlet)
  A deep troll earth mage (Depths:2)
  2 tengu warriors
  Nergalle (Orc:2)
  Amaemon (Lair:2)
  7 skeletal warriors
  A fire crab (D:14)
  A sun moth (Spider:2)
  A quicksilver dragon simulacrum (Depths:1)
  The ghost of croobank the Conjurer, a novice DsCj of Gozag (D:8)
  A death drake (Swamp:2)
  2 goliath frogs
  7 pharaoh ants
  10 swamp dragons
  4 orb spiders
  An orange crystal statue (Gauntlet)
  7 spriggan druids
  2 glowing orange brains (Gauntlet)
  A spectral hydra (Gauntlet)
  4 bog bodies
  3 steelbarb worms (Spider:1)
  4 lindwurms
  6 wizards
  2 deep elf pyromancers
  An oklob plant (Lair:4)
  20 wolf spiders
  7 orc sorcerers
  5 cyclopes
  2 necromancers
  A will-o-the-wisp (Swamp:3)
  20 ugly things
  3 manticores (D:14)
  A moth of wrath (Spider:2)
  12 elephants
  9 torpor snails
  Joseph (D:10)
  3 gargoyles
  2 ice statues
  3 cane toads
  An unseen horror (D:11)
  3 rime drakes
  A komodo dragon (shapeshifter) (D:14)
  3 freezing wraiths (IceCv)
  2 efreet (D:13)
  2 tengu conjurers
  5 yaktaurs
  2 demonic crawlers (Spider:4)
  13 ice devils (IceCv)
  4 trolls
  A meliai (D:14)
  3 komodo dragons
  9 hornets
  2 polar bears
  12 tarantellas
  2 bloated husks (Swamp:4)
  7 tyrant leeches
  A blink frog (shapeshifter) (D:15)
  7 slime creatures
  A dancing weapon (D:14)
  A dream sheep (shapeshifter) (D:14)
  5 blink frogs
  3 dream sheep (Lair:4)
  22 jumping spiders
  12 culicivoras
  A centaur simulacrum (D:15)
  3 wraiths
  7 wyverns
  4 dire elephant simulacra (IceCv)
  A vampire (D:11)
  14 spriggans
  17 yaks
  A ynoxinul (D:8)
  3 water elementals (Depths:1)
  3 fire elementals (Spider:1)
  2 hogs (Lair:5)
  6 basilisks
  17 vampire mosquitoes
  A steam dragon (D:8)
  A human (Lair:5)
  32 redbacks
  Menkaure (D:4)
  7 death yak simulacra (IceCv)
  3 hell hounds (Spider:1)
  4 acid dragons
  3 wargs
  A hydra simulacrum (IceCv)
  13 water moccasins
  8 swamp worms
  15 orc warriors
  5 swamp drakes
  A black bear (Lair:4)
  2 ice beasts
  2 sky beasts
  A boggart (D:14)
  An ogre (D:7)
  5 wolves
  5 centaurs
  A phantom (D:4)
  5 kobold brigands
  9 bullfrogs
  A necrophage (D:5)
  A scorpion (Lair:1)
  4 gnoll sergeants
  A cane toad simulacrum (IceCv)
  12 wights
  2 killer bees
  4 elephant simulacra (IceCv)
  3 electric eels (Lair:5)
  4 howler monkeys
  A gnoll bouda (D:7)
  3 jellies
  3 hounds
  17 orc priests
  An iron imp (D:5)
  An iguana (D:5)
  35 orc wizards
  2 polar bear simulacra (IceCv)
  A spriggan simulacrum (IceCv)
  2 wolf simulacra (IceCv)
  9 adders
  16 gnolls
  A shadow imp (D:6)
  16 white imps
  3 ufetubi
  2 worms
  A dart slug (D:4)
  53 orcs
  4 ball pythons
  9 bats
  7 endoplasms
  2 giant cockroaches
  10 goblins
  10 hobgoblins
  6 jackals
  28 kobolds
  3 quokkas
  5 frilled lizards
  10 rats
  11 fulminant prisms
  2 snaplasher vines (Lair:2)
895 creatures vanquished.

Vanquished Creatures (collateral kills)
  Kirke (Lair:5)
  A ghost moth (Spider:4)
  4 broodmothers
  An entropy weaver (Spider:4)
  Azrael (Spider:1)
  A bunyip (Swamp:3)
  A deep elf annihilator (Depths:2)
  An eleionoma (Swamp:1)
  An ettin (Depths:1)
  Snorg (Lair:4)
  The ghost of Xiym the Spry, a journeyman FeSu of Gozag (Spider:4)
  A rakshasa (Depths:2)
  A shambling mangrove (Swamp:1)
  2 boulder beetles (Lair:1)
  11 hydras
  A ghost crab (Swamp:4)
  An ogre mage (Orc:2)
  A radroach (Spider:3)
  A centaur warrior (D:13)
  A two-headed ogre (Orc:2)
  3 alligators
  Urug (Orc:1)
  2 tengu warriors (D:14)
  A death yak (Lair:5)
  A skeletal warrior (Depths:1)
  A pharaoh ant (Spider:4)
  5 orb spiders
  A sun moth (Spider:2)
  3 spriggan druids
  A goliath frog (Swamp:2)
  6 swamp dragons
  3 bog bodies
  3 steelbarb worms
  A lindwurm (Swamp:4)
  A deep elf zephyrmancer (D:14)
  6 orc sorcerers
  5 wolf spiders
  2 deep elf pyromancers (D:15)
  2 cyclopes
  8 ugly things
  A manticore (D:14)
  2 will-o-the-wisps
  Maurice (Orc:1)
  6 elephants (Lair:2)
  A centaur zombie (D:15)
  3 black mambas (Lair:5)
  8 cane toads
  An orange demon (Lair:2)
  3 torpor snails
  A centaur skeleton (D:15)
  A gargoyle (D:14)
  A demonic crawler (Spider:2)
  A freezing wraith (IceCv)
  3 komodo dragons
  A tengu conjurer (D:15)
  A rime drake (Lair:5)
  A meliai (Spider:4)
  A bloated husk (Swamp:4)
  2 hornets (Swamp:1)
  7 tarantellas
  3 blink frogs
  4 dream sheep
  A wraith (D:12)
  8 jumping spiders
  9 culicivoras
  4 spriggans
  2 hogs (Lair:5)
  A basilisk (Lair:5)
  2 yaks
  16 redbacks
  A vampire mosquito (Swamp:2)
  A warg (Orc:2)
  A death yak simulacrum (IceCv)
  2 swamp worms
  A water moccasin (Lair:4)
  3 swamp drakes
  10 orc warriors
  6 ogres
  A wolf (Lair:1)
  2 centaurs (D:8)
  2 bullfrogs
  A hornet simulacrum (D:14)
  An elephant simulacrum (IceCv)
  A jelly (Lair:5)
  5 orc priests
  10 orc wizards
  A troll simulacrum (IceCv)
  2 wolf simulacra (IceCv)
  A gnoll (D:11)
  A white imp (Lair:1)
  An ufetubus (IceCv)
  12 orcs
  An endoplasm (Lair:5)
  A butterfly (Lair:5)
254 creatures vanquished.

Vanquished Creatures (others)
  2 eldritch tentacles (Spider:4)
  A centaur warrior (D:14)
  A goliath frog (Swamp:2)
  A spriggan druid (Swamp:2)
  A bloated husk (Swamp:2)
  A tyrant leech (Swamp:2)
  A hornet (Swamp:2)
  2 dancing weapons
  18 knights
  4 ancestors
  10 foxfires
  467 fulminant prisms
  32 fungi
  71 plants
  A snaplasher vine (Lair:2)
613 creatures vanquished.

Grand Total: 1762 creatures vanquished

Notes
Turn   | Place    | Note
-------+----------+-------------------------------------------
     0 | D:1      | javelincjr the Djinni Conjurer began the quest for the Orb.
     0 | D:1      | javelincjr set off with the following spells memorised:
                  | Magic Dart, Searing Ray, Dazzling Flash, Fulminant Prism,
                  | Iskenderun's Mystic Blast.
     0 | D:1      | Reached XP level 1. HP: 15/15 MP: 0/0
   361 | D:1      | Reached XP level 2. HP: 17/21 MP: 0/0
   969 | D:1      | Reached XP level 3. HP: 17/25 MP: 0/0
   969 | D:1      | Learned a level 1 spell: Sting
  1389 | D:2      | Found an iron altar of Okawaru.
  1671 | D:2      | Reached XP level 4. HP: 19/31 MP: 0/0
  1936 | D:2      | Reached skill level 4 in Spellcasting
  2635 | D:3      | Identified the +7 short sword of Ascent {vamp, rElec rPois
                  | Int-2 Stlth+}
  3111 | D:3      | Reached skill level 1 in Long Blades
  3257 | D:3      | Reached XP level 5. HP: 33/36 MP: 0/0
  3257 | D:3      | Learned a level 2 spell: Passwall
  3503 | D:4      | Found a sacrificial altar of Ru.
  3503 | D:4      | Found a shadowy altar of Dithmenos.
  3757 | D:4      | Found a glowing golden altar of the Shining One.
  3802 | D:4      | Found a white marble altar of Elyvilon.
  3843 | D:4      | Noticed Menkaure
  3891 | D:4      | Killed Menkaure
  3892 | D:4      | Reached XP level 6. HP: 21/41 MP: 0/0
  4190 | D:4      | Reached skill level 1 in Fighting
  4190 | D:4      | Reached skill level 5 in Spellcasting
  4191 | D:4      | Reached XP level 7. HP: 26/47 MP: 0/0
  4191 | D:4      | Learned a level 3 spell: Lesser Beckoning
  4728 | D:5      | Entered Level 5 of the Dungeon
  4728 | D:5      | Found a staircase to the Ecumenical Temple.
  5218 | D:5      | Reached skill level 1 in Short Blades
  5358 | D:5      | Reached XP level 8. HP: 23/52 MP: 0/0
  5537 | D:5      | Found Huruel's Vocational Training.
  5733 | Temple   | Entered the Ecumenical Temple
  6403 | D:5      | Reached skill level 6 in Spellcasting
  6773 | D:5      | Found a snail-covered altar of Cheibriados.
  7727 | D:6      | Reached XP level 9. HP: 56/58 MP: 0/0
  7727 | D:6      | Learned a level 3 spell: Tukima's Dance
  7977 | D:7      | Reached skill level 5 in Dodging
  7977 | D:7      | Reached skill level 7 in Spellcasting
  8537 | D:7      | Found a hide-covered altar of Uskayaw.
  8841 | D:7      | Found Vanaty's Antique Armour Shop.
  8848 | D:7      | Bought a runed scarf for 184 gold pieces
  8938 | D:7      | Found an ornate altar of the Wu Jian Council.
  9085 | D:8      | Found a runed translucent door.
  9087 | D:8      | Noticed croobank's ghost (novice DsCj)
  9093 | D:8      | Reached skill level 5 in Stealth
  9093 | D:8      | Reached skill level 8 in Spellcasting
  9093 | D:8      | Reached XP level 10. HP: 30/65 MP: 0/0
 10114 | D:8      | Found a hazy altar of Hepliaklqana.
 10119 | D:8      | Became a worshipper of Hepliaklqana the Forgotten
 10141 | D:8      | Found a stormy altar of Qazlal.
 10230 | D:8      | Reached skill level 9 in Spellcasting
 10705 | D:8      | Found Cheibriados's Comfort Zone.
 10707 | D:8      | Found a snail-covered altar of Cheibriados.
 10805 | D:8      | Found a glowing silver altar of Zin.
 10805 | D:8      | Noticed an angel
 10892 | D:8      | Killed croobank's ghost
 11124 | D:9      | Reached XP level 11. HP: 32/71 MP: 0/0
 11124 | D:9      | Learned a level 5 spell: Summon Mana Viper
 11421 | D:9      | Reached skill level 10 in Spellcasting
 12607 | D:9      | Identified the +6 morningstar of Generosity {drain, rCorr
                  | MP+9 Str+3 Int+3}
 12906 | D:9      | Found a staircase to the Orcish Mines.
 13244 | D:9      | Found a staircase to the Lair.
 13265 | D:9      | Identified the ring "Jogujyli" {rF+ Str+3 Int+6}
 13543 | D:9      | Reached * piety under Hepliaklqana
 13824 | D:10     | Entered Level 10 of the Dungeon
 13922 | D:10     | Noticed a two-headed ogre
 13927 | D:10     | Killed a two-headed ogre
 13928 | D:10     | Reached skill level 11 in Spellcasting
 14395 | D:10     | Found an iron altar of Okawaru.
 14435 | D:10     | Noticed a four-headed hydra
 14442 | D:10     | Reached skill level 1 in Armour
 14447 | D:10     | HP: 1/63 [vampire mosquito (5)]
 14519 | D:10     | Killed a four-headed hydra
 14525 | D:10     | Noticed a rakshasa
 14542 | D:10     | Killed a rakshasa
 14562 | D:10     | Reached XP level 12. HP: 36/68 MP: 0/0
 14896 | D:10     | Noticed Joseph
 14910 | D:10     | Killed Joseph
 14911 | D:10     | Reached skill level 12 in Spellcasting
 15478 | D:11     | Reached ** piety under Hepliaklqana
 15517 | D:11     | Found a gate leading to a gauntlet.
 15529 | D:11     | Reached skill level 1 in Maces & Flails
 15530 | Gauntlet | Entered a Gauntlet
 15530 | Gauntlet | Found a transporter.
 15531 | Gauntlet | Noticed a death scarab
 15532 | Gauntlet | Noticed a death scarab
 15542 | Gauntlet | Found a transporter.
 15553 | Gauntlet | Found a runed translucent gate.
 15554 | Gauntlet | Found a runed translucent gate.
 15555 | Gauntlet | Found a transporter.
 15562 | Gauntlet | Found a runed translucent gate.
 15575 | Gauntlet | Found a transporter.
 15582 | Gauntlet | Noticed a glowing orange brain
 15585 | Gauntlet | Noticed a glowing orange brain
 15590 | Gauntlet | Found a transporter.
 15605 | Gauntlet | Found a runed translucent door.
 15606 | Gauntlet | Found a transporter.
 15607 | Gauntlet | Found a runed translucent door.
 15609 | Gauntlet | Noticed a large abomination
 15611 | Gauntlet | Found a transporter.
 15622 | Gauntlet | Noticed a quicksilver ooze
 15623 | Gauntlet | Found a transporter.
 15640 | Gauntlet | Found a transporter.
 15658 | Gauntlet | Found a transporter.
 15674 | Gauntlet | Found a transporter.
 15696 | Gauntlet | Found a transporter.
 15711 | Gauntlet | Found a transporter.
 15878 | Gauntlet | Remembered your ancestor Nebetia as a knight
 15885 | Gauntlet | Killed a death scarab
 15910 | Gauntlet | Found a transporter.
 16035 | Gauntlet | Killed a glowing orange brain
 16037 | Gauntlet | Killed a glowing orange brain
 16038 | Gauntlet | Reached skill level 13 in Spellcasting
 16039 | Gauntlet | Identified the ring "Hufuazom" {rC+ EV+4 Dex+3}
 16098 | Gauntlet | Gained mutation: Your spells are a little easier to cast,
                  | but a little less powerful. [potion of mutation]
 16099 | Gauntlet | Lost mutation: Your spells are a little easier to cast, but
                  | a little less powerful. [potion of mutation]
 16099 | Gauntlet | Gained mutation: You have supernaturally acute eyesight.
                  | (SInv) [potion of mutation]
 16099 | Gauntlet | Gained mutation: You are partially covered in iridescent
                  | scales. (AC +2) [potion of mutation]
 16099 | Gauntlet | Gained mutation: You have hidden genetic potential. [potion
                  | of mutation]
 16099 | Gauntlet | Gained mutation: You are strong-willed. (Will+) [potion of
                  | mutation]
 16102 | Gauntlet | Noticed a minotaur
 16121 | Gauntlet | Killed a minotaur
 16379 | D:11     | Noticed a two-headed ogre
 16389 | D:11     | Killed a two-headed ogre
 16390 | D:11     | Reached XP level 13. HP: 69/74 MP: 0/0
 16390 | D:11     | Learned a level 5 spell: Summon Forest
 16454 | D:11     | Found Sohov's CLEARANCE SALE!.
 16631 | D:12     | Noticed a boulder beetle
 16661 | D:12     | Killed a boulder beetle
 16712 | D:12     | Noticed an eight-headed hydra
 16718 | D:12     | Killed an eight-headed hydra
 16959 | D:12     | Reached *** piety under Hepliaklqana
 16996 | D:12     | You are sucked into a shaft and drop 1 floor!
 17092 | D:13     | Found a gate to the Vaults.
 17101 | D:13     | Reached skill level 14 in Spellcasting
 17231 | D:12     | Noticed an eight-headed hydra
 17238 | D:12     | Killed an eight-headed hydra
 17893 | D:13     | Noticed a catoblepas
 17905 | D:13     | Killed a catoblepas
 17909 | D:13     | Noticed a centaur warrior
 17913 | D:13     | Gained mutation: You possess an exceptional clarity of
                  | mind. [hidden potential]
 17916 | D:13     | Killed a centaur warrior
 17950 | D:13     | Noticed a boulder beetle
 17980 | D:13     | Killed a boulder beetle
 18237 | D:13     | Reached **** piety under Hepliaklqana
 18620 | D:14     | Noticed a centaur warrior
 18629 | D:14     | Killed a centaur warrior
 18630 | D:14     | Noticed a four-headed hydra
 18698 | D:14     | Killed a four-headed hydra
 18699 | D:14     | Reached skill level 15 in Spellcasting
 18797 | D:14     | Noticed a six-headed hydra
 18811 | D:14     | Killed a six-headed hydra
 18896 | D:14     | Reached XP level 14. HP: 69/79 MP: 0/0
 18899 | D:14     | Reached skill level 5 in Armour
 19230 | D:14     | Gained mutation: You are mostly covered in iridescent
                  | scales. (AC +4) [hidden potential]
 19230 | D:14     | Lost mutation: You have hidden genetic potential. [hidden
                  | potential expressed]
 19495 | D:14     | Reached skill level 16 in Spellcasting
 19701 | D:15     | Entered Level 15 of the Dungeon
 20282 | D:15     | Reached ***** piety under Hepliaklqana
 20426 | D:15     | Found a staircase to the Depths.
 20883 | Lair:1   | Entered Level 1 of the Lair of Beasts
 20883 | Lair:1   | Found a frozen archway.
 20893 | IceCv    | Entered an ice cave
 20897 | IceCv    | Reached XP level 15. HP: 64/84 MP: 0/0
 20897 | IceCv    | Learned a level 6 spell: Starburst
 21101 | IceCv    | Reached skill level 17 in Spellcasting
 21285 | IceCv    | Identified the ring of the Traitor {rF+ rN+}
 22319 | Lair:2   | Reached ****** piety under Hepliaklqana
 22339 | Lair:2   | Noticed Amaemon
 22354 | Lair:2   | Killed Amaemon
 22375 | Lair:2   | Reached skill level 18 in Spellcasting
 22461 | Lair:2   | Found a hole to the Spider Nest.
 23132 | Lair:3   | Reached XP level 16. HP: 90/90 MP: 0/0
 23412 | Lair:3   | Found a staircase to the Swamp.
 23569 | Lair:3   | Found a snail-covered altar of Cheibriados.
 23970 | Lair:4   | Noticed Snorg
 23977 | Lair:4   | Killed Snorg
 24012 | Lair:4   | Identified the +7 mace "Ovuq" {vorpal, +Blink Dex+5}
 24687 | Lair:5   | Entered Level 5 of the Lair of Beasts
 24733 | Lair:5   | Noticed Kirke
 24742 | Lair:5   | Killed Kirke
 24810 | Lair:5   | Found a runed translucent door.
 24810 | Lair:5   | Found a viscous altar of Jiyva.
 24812 | Lair:5   | Found a staircase to the Slime Pits.
 25292 | Lair:5   | Reached skill level 19 in Spellcasting
 25719 | Swamp:1  | Entered Level 1 of the Swamp
 26441 | Swamp:2  | Reached XP level 17. HP: 88/94 MP: 0/0
 26441 | Swamp:2  | Learned a level 7 spell: Malign Gateway
 26554 | Swamp:2  | Reached skill level 20 in Spellcasting
 26628 | Swamp:2  | Found a runed translucent gate.
 26628 | Swamp:2  | Found a runed translucent gate.
 26628 | Swamp:2  | Found a runed translucent gate.
 26632 | Swamp:2  | Noticed Ykec Esm's ghost (journeyman DrWn)
 26643 | Swamp:2  | Killed Ykec Esm's ghost
 27986 | Swamp:4  | Entered Level 4 of the Swamp
 28331 | Swamp:4  | Got a decaying rune of Zot
 28482 | Swamp:4  | Reached XP level 18. HP: 94/100 MP: 0/0
 28769 | Spider:1 | Entered Level 1 of the Spider Nest
 28777 | Spider:1 | Noticed Asterion
 28780 | Spider:1 | Reached skill level 21 in Spellcasting
 28786 | Spider:1 | Killed Asterion
 28787 | Spider:1 | Noticed Azrael
 28829 | Spider:1 | Killed Azrael
 29468 | Spider:2 | Reached skill level 5 in Maces & Flails
 29472 | Spider:2 | Reached skill level 5 in Fighting
 29846 | Spider:2 | You are sucked into a shaft and drop 1 floor!
 29978 | Spider:3 | Noticed Arachne
 29984 | Spider:3 | Killed Arachne
 31037 | Spider:3 | Noticed Mlioglotl
 31040 | Spider:3 | Killed Mlioglotl
 31046 | Spider:3 | Reached skill level 22 in Spellcasting
 31093 | Spider:3 | Reached XP level 19. HP: 103/106 MP: 0/0
 31093 | Spider:3 | Learned a level 7 spell: Summon Hydra
 31361 | Spider:4 | Entered Level 4 of the Spider Nest
 31713 | Spider:4 | Got a gossamer rune of Zot
 31849 | Spider:4 | Found a runed translucent gate.
 31849 | Spider:4 | Noticed Xonureel's ghost (adept DEEE)
 31850 | Spider:4 | Found a runed translucent gate.
 31850 | Spider:4 | Noticed Xiym's ghost (journeyman FeSu)
 31851 | Spider:4 | Found a runed translucent gate.
 31852 | Spider:4 | Noticed endersaim's ghost (adept MfSk)
 31865 | Spider:4 | Killed Xonureel's ghost
 31865 | Spider:4 | Killed endersaim's ghost
 31866 | Spider:4 | Killed Xiym's ghost
 32425 | Orc:1    | Entered Level 1 of the Orcish Mines
 32425 | Orc:1    | Noticed Maurice
 32433 | Orc:1    | Killed Maurice
 32442 | Orc:1    | Noticed Urug
 32446 | Orc:1    | Killed Urug
 32737 | Orc:2    | Entered Level 2 of the Orcish Mines
 32941 | Orc:2    | Found Ewabeott's Magic Scroll Boutique.
 32950 | Orc:2    | Bought a scroll of teleportation for 51 gold pieces
 32969 | Orc:2    | Found Puepihafam's Assorted Antiques.
 33013 | Orc:2    | Noticed Saint Roka
 33033 | Orc:2    | Killed Saint Roka
 33127 | Orc:2    | Found Narugave's Book Shoppe.
 33156 | Orc:2    | Noticed Erolcha
 33160 | Orc:2    | Killed Erolcha
 33176 | Orc:2    | Noticed Nergalle
 33184 | Orc:2    | Killed Nergalle
 33231 | Orc:2    | Found Cyuse's Magic Scroll Emporium.
 33237 | Orc:2    | Bought a scroll of enchant armour for 112 gold pieces
 33237 | Orc:2    | Bought a scroll of enchant weapon for 112 gold pieces
 33275 | Orc:2    | Found Atoijyikh's Antique Armour Shoppe.
 33300 | Orc:2    | Found Moesaph's Antique Armour Shoppe.
 33323 | Orc:2    | Bought a jewelled cloak for 209 gold pieces
 33323 | Orc:2    | Identified the +0 cloak "Marin" {rPois Str+4 Dex-2} (You
                  | bought it in a shop on level 2 of the Orcish Mines)
 33323 | Orc:2    | Bought a jewelled helmet for 209 gold pieces
 33323 | Orc:2    | Identified the +1 helmet of Resonance {Dex+4} (You bought
                  | it in a shop on level 2 of the Orcish Mines)
 33391 | Orc:2    | Found a staircase to the Elven Halls.
 33410 | Orc:2    | Found Qappisae's Overcharged Wands.
 33985 | D:14     | Reached skill level 23 in Spellcasting
 34169 | Depths:1 | Entered Level 1 of the Depths
 34193 | Depths:1 | Reached XP level 20. HP: 79/112 MP: 0/0
 34533 | Depths:1 | Found a gateway to Hell.
 34582 | Depths:1 | Identified the +2 battleaxe of Dearitemn {speed, rF+ rN+
                  | Str+3}
 34887 | Depths:1 | Found a one-way gateway to a ziggurat.
 34956 | Depths:1 | Noticed Bai Suzhen
 34969 | Depths:1 | Killed Bai Suzhen
 35223 | Depths:2 | Noticed Frederick
 35226 | Depths:2 | Noticed an Ice Fiend
 35227 | Depths:2 | Killed from afar by a spriggan air mage

Illustrated notes

Levels and vault maps discovered:
D:1:      elethiomel_arrival_maze, layout_basic
D:2:      layout_rooms, basic_altar, grunt_ministairs_13, minmay_liquid_box,
          minmay_hexomino_u4
D:3:      layout_rooms, st_stairs_4
D:4:      minmay_chambers_of_fours, layout_rooms,
          chequers_temple_overflow_statue_of_worship, lemuel_crystal_altar,
          lemuel_coloured_pillars_altar, minmay_door_square, uniq_menkaure
D:5:      layout_basic, chei_slow_surprise, minmay_temple_entry_glass,
          kennysheep_doodads, nicolae_shop_vocational
D:6:      layout_basic, amcnicky_mini_corridor_feature
D:7:      layout_loops_ring, nicolae_wu_jian_immortal_techniques,
          eat_drink_and_be_merry_uskayaw, serial_shops, shop
D:8:      layout_cave_pools, nicolae_qazlal_scattered_showers, zin_angel,
          worldfamousw_hep_ancestral_shrine, hellmonk_ghost_big_iron,
          minmay_shop_chei, kennysheep_donut
D:9:      lemuel_ice_statue, layout_layer_cave, minmay_lair_entry_grove,
          erik_orc_4
D:10:     minmay_ornate_pinched, layout_basic, kennysheep_mini_moat,
          minmay_circle_x, uniq_joseph
D:11:     layout_rooms, gauntlet_entry_generic, nicolae_shop_clearance
D:12:     layout_stronghold, patterned_corridor
D:13:     layout_gridville
D:14:     minmay_isolated_rectangles_in_corner, layout_loops_cross,
          minmay_misc_feat_hallway, minmay_shattered_shrine
D:15:     grunt_enter_depths_magical_seal, layout_loops_ring,
          palyth_stone_intersect
Temple:   chequers_temple_sunken
Lair:1:   layout_regular_city, portal_ice_cave_entry_imps
Lair:2:   layout_chaotic_city, dummy_spider_entry, minivault_19,
          grunt_megastairs_3, uniq_amaemon
Lair:3:   layout_loops_ring, swamp_mist, kennysheep_snail_temple
Lair:4:   layout_cave_pods, wad_woods_01, uniq_snorg
Lair:5:   hangedman_lair_in_review, layout_gridlike, wormcave, slime_entry_2,
          lemuel_fruit_fields, uniq_kirke
Swamp:1:  layout_falls_marsh, nicolae_swamp_bean_lake, swamp_pool4
Swamp:2:  layout_basic_swamp, ebering_ghost_rock_garden,
          evilmike_swamp_ruin_house_4
Swamp:3:  layout_basic_swamp, evilmike_swamp_ruin_house_2
Swamp:4:  swamp_alternative, layout_basic_swamp, swamp_pool1,
          infiniplex_staircase_pool
Spider:1: layout_spider_delve, uniq_azrael, uniq_asterion
Spider:2: layout_spider_delve, nicolae_spider_nook
Spider:3: layout_spider_delve, uniq_arachne, uniq_mlioglotl
Spider:4: hellmonk_spider_rune_endless_swarm, gammafunk_ghost_cemetery
Orc:1:    layout_caves, nicolae_orc_rich_vein, uniq_maurice, uniq_urug
Orc:2:    kennysheep_orc_mage_school, layout_diamond_mine, serial_shops, shop,
          nicolae_shop_hallway_stairs, basic_altar,
          nicolae_shop_overcharged_wands, uniq_saint_roka, uniq_erolcha
Depths:1: layout_gridville, enter_ziggurat_f, grunt_decor_mini_mirrors,
          grunt_mini_vestibule, lemuel_flamethrower_3, firewood_loft,
          serial_bayou_shore_a, uniq_bai_suzhen
Depths:2: minmay_octagon_city, layout_gridlike, hangedman_coc_ice_floe,
          rand_demon_pan_entry_1, special_room [special_room_magic_class],
          lemuel_angel_altar, infiniplex_staircase_zigzag_1

Skill      XL: |  1  2  3  4  5  6  7  8  9 10 11 12 13 14 15 16 17 18 19 |
---------------+----------------------------------------------------------+-----
Stealth        | 2 3 5 6 |  6.5
Spellcasting   | 4 5 6 8 9 11 13 15 16 18 19 20 22 23 | 23.5
Long Blades    | 1 |  1.2
Dodging        | 3 4 5 6 7 8 9 |  9.7
Fighting       | 1 2 3 4 5 |  5.7
Short Blades   | 1 2 3 4 |  4.1
Armour         | 1 4 5 6 7 |  7.2
Maces & Flails | 1 3 4 5 6 |  6.7
Throwing       | |  0.2
Evocations     | |  0.4

Action                   |  1- 3 |  4- 6 |  7- 9 | 10-12 | 13-15 | 16-18 | 19-21 || total
-------------------------+-------+-------+-------+-------+-------+-------+-------++-------
Melee: Long sword        |    20 |       |       |       |       |       |       ||    20
       Short sword       |       |    11 |    34 |       |       |       |       ||    45
       Morningstar       |       |       |       |     1 |    14 |    41 |    35 ||    91
Throw: Dart              |       |       |       |     1 |       |       |       ||     1
 Cast: Magic Dart        |    66 |   100 |    93 |    88 |    56 |   233 |   131 ||   767
       Sting             |       |     3 |       |     1 |       |     2 |       ||     6
       Searing Ray       |       |     4 |     1 |     3 |       |       |       ||     8
       Fulminant Prism   |       |     2 |    28 |    95 |   172 |   104 |    79 ||   480
       Iskenderun's Myst |       |     1 |    14 |   106 |   131 |   185 |    57 ||   494
       Tukima's Dance    |       |       |       |     7 |     7 |     1 |     8 ||    23
       Summon Mana Viper |       |       |       |     3 |     5 |     1 |     1 ||    10
       Starburst         |       |       |       |       |    14 |    77 |    59 ||   150
       Summon Forest     |       |       |       |       |     2 |     1 |       ||     3
       Summon Hydra      |       |       |       |       |       |       |     4 ||     4
       Malign Gateway    |       |       |       |       |       |       |     3 ||     3
       Passwall          |       |       |       |       |       |       |     1 ||     1
Invok: Ancestor Life: Kn |       |       |       |     1 |       |       |       ||     1
       Recall Ancestor   |       |       |       |       |     1 |     1 |       ||     2
Evoke: Box of beasts     |       |       |       |       |     1 |       |       ||     1
  Use: Scroll            |       |       |     9 |    11 |    14 |     5 |     5 ||    44
       Potion            |       |       |       |     3 |     1 |     2 |       ||     6
 Stab: Sleeping          |       |       |     2 |       |       |     1 |       ||     3
       Distracted        |       |       |       |       |       |       |     1 ||     1
Armor: Robe              |    17 |    16 |    24 |     6 |       |       |       ||    63
       Troll leather arm |       |       |       |    15 |    20 |    54 |    29 ||   118
Dodge: Dodged            |    37 |    32 |    43 |    32 |    50 |   133 |    82 ||   409
